 Dungeon Crawl Stone Soup version 0.31-a0-234-gad7ace16ef (webtiles) character file.

Game seed: 11782999327162184092

261 qw the Shooter (level 5, -10/45 HPs)
             Began as a Minotaur Hexslinger on July 9, 2023.
             Killed by divine providence
             ... invoked by an orc priest
              (12 damage)
             ... on level 4 of the Dungeon.
             The game lasted 00:00:54 (2412 turns).

qw the Shooter (Minotaur Hexslinger)                Turns: 2412, Time: 00:00:55

Health: -10/45     AC:  6    Str: 13    XL:     5   Next: 96%
Magic:  5/5        EV: 11    Int: 10    God:
Gold:   69         SH:  0    Dex: 14    Spells: 5/6 levels left

rFire   + . .        Y - +4 sling
rCold   . . .        (no shield)
rNeg    + . .        f - +0 ring mail
rPois   .            (helmet restricted)
rElec   .            j - +0 cloak
rCorr   .            (no gloves)
SInv    .            (no boots)
Will    .....        (no amulet)
Stlth   +            c - ring of protection from fire
HPRegen 0.27/turn    m - ring of positive energy
MPRegen 0.09/turn

%: no passive effects
@: about to teleport
A: horns 2, retaliatory headbutt
a: no special abilities


You were on level 4 of the Dungeon.
You visited 1 branch of the dungeon, and saw 4 of its levels.

You collected 118 gold pieces.
You spent 49 gold pieces at shops.


Innate Abilities, Weirdness & Mutations

You have a pair of horns on your head.
You reflexively headbutt those who attack you in melee.


   Skills:
 + Level 3.3 Fighting
 - Level 6.1 Ranged Weapons
 - Level 1.0 Armour
 - Level 2.1 Dodging
 - Level 1.0 Spellcasting
 - Level 2.0 Hexes


You had 5 spell levels left.
You knew the following spells:

 Your Spells              Type           Power      Damage    Failure   Level
a - Slow                  Hex            16%        N/A       32%         1

Your spell library contained the following spells:

 Spells                   Type           Power      Damage    Failure   Level
 Inner Flame              Hex/Fire       2%         N/A       82%         3
 Portal Projectile        Hex/Tloc       4%         N/A       82%         3
 Cause Fear               Hex            2%         N/A       97%         4

Inventory:

Hand Weapons
 Y - a +4 sling (weapon)
Armour
 f - a +0 ring mail (worn)
 j - a +0 cloak (worn)
Jewellery
 c - a ring of protection from fire (left hand)
 m - a ring of positive energy (right hand)
Wands
 d - a wand of digging (4)
Scrolls
 a - a scroll of identify
 n - a scroll of fog {unknown}
Potions
 b - a potion of enlightenment
 e - a potion of haste
 g - a potion of curing
 i - a potion of might
 k - a potion of brilliance {unknown}
 l - 2 potions of invisibility {unknown}

Dungeon Overview and Level Annotations

Branches:
Dungeon (4/15)
 Temple: D:4-7

Altars:
Sif Muna

Shops:
D:3 [

Annotations:
D:4 2 transporters, qw's ghost, amateur MiHs


Message History

You hear a shout!
The orc hits you with a +0 mace.
You shoot a sling bullet.
The sling bullet hits the orc but does no damage.
The orc closely misses you.
You shoot a sling bullet.
The sling bullet closely misses the orc.
The sling bullet hits the orc.
The orc is heavily wounded.
The orc hits you with a +0 mace.
You shoot a sling bullet.
The sling bullet hits the orc but does no damage.
The orc hits you but does no damage.
You shoot a sling bullet.
The sling bullet barely misses the orc. x2
The orc closely misses you. The orc hits you with a +0 mace.
You shoot a sling bullet.
The sling bullet hits the orc but does no damage.
The orc closely misses you.
The orc priest looks satisfied for a moment.
You shoot a sling bullet. The sling bullet hits the orc.
The orc is moderately wounded.
The orc hits you with a +0 mace.
You shoot a sling bullet.
The sling bullet hits the orc but does no damage.
The orc is moderately wounded.
The orc hits you but does no damage.
You shoot a sling bullet.
The sling bullet hits the orc but does no damage.
The orc is moderately wounded.
The orc hits you with a +0 mace.
The orc priest calls down the wrath of Beogh upon you.
Beogh smites you! The orc hits you with a +0 mace.
You hear a shout!
2412 ||| READING scroll of teleportation.
As you read the scroll of teleportation, it crumbles to dust.
You feel strangely unstable. The orc hits you but does no damage.
The orc priest mumbles some strange prayers to Beogh against you.
Beogh smites you!
You die... #.### #...# #. #.#.# #.#. #.#.# #.#. #.#.#### #.#. #.#....# #.#. #####.#.##@# #### #.#. #>.....###o# #..# #.#. #......# 7o7

##.## #.#. ##......# o7.
##..#######.#. #.......# 7 7
#............. #.##.#..#
#.............
#.##.##.#######....#.##.)...
#......)................#.##
#..#.###.##.######.##.###.#


You could see an orc priest and 2 orcs.

Vanquished Creatures
  A scorpion (D:2)
  A jelly (D:4)
  An orc priest (D:3)
  Jessica (D:2)
  A gnoll (D:1)
  4 adders
  2 worms
  A dart slug (D:3)
  4 orcs
  6 ball pythons
  5 bats
  2 endoplasms
  2 giant cockroaches (D:1)
  7 goblins
  5 hobgoblins
  A jackal (D:4)
  8 kobolds
  4 quokkas
  A frilled lizard (D:1)
  6 rats
63 creatures vanquished.

Notes
Turn   | Place    | Note
-------+----------+-------------------------------------------
     0 | D:1      | qw the Minotaur Hexslinger began the quest for the Orb.
     0 | D:1      | Reached XP level 1. HP: 16/16 MP: 1/1
     0 | D:1      | 0 ||| qw: Version: 0.3-a-51-g015441d
     0 | D:1      | 0 ||| qw: Game counter: 4361
     0 | D:1      | 0 ||| qw: Melee chars always use a shield: true
     0 | D:1      | 0 ||| qw: God list: Okawaru
     0 | D:1      | 0 ||| qw: Allow faded altars: false
     0 | D:1      | 0 ||| qw: Do Orc after clearing Dungeon:15 true
     0 | D:1      | 0 ||| qw: Do second Lair branch before Depths: true
     0 | D:1      | 0 ||| qw: Lair rune preference: random
     0 | D:1      | 0 ||| qw: Goals: Normal
     0 | D:1      | 0 ||| PLANNING D:1-11
    49 | D:1      | Reached skill level 3 in Ranged Weapons
    49 | D:1      | Reached XP level 2. HP: 7/23 MP: 2/2
   604 | D:1      | 604 ||| UPGRADING to +0 ring mail.
   614 | D:1      | 614 ||| DROPPING +0 robe.
   615 | D:1      | 615 ||| READING 3 scrolls labelled VYOFFIO YSEZ.
   616 | D:1      | 616 ||| READING scroll labelled ATZUMEI TUOP.
   617 | D:1      | 617 ||| READING scroll labelled ESE JOHEGE.
   621 | D:1      | 621 ||| DRINKING 2 ruby potions.
   622 | D:1      | 622 ||| READING 2 scrolls of identify.
   622 | D:1      | 622 ||| IDENTIFYING viscous green potion
   623 | D:1      | 623 ||| DROPPING scroll of poison.
   652 | D:2      | Noticed a scorpion
   664 | D:2      | HP: 6/24 [scorpion (3)]
   667 | D:2      | Killed a scorpion
   668 | D:2      | Reached skill level 4 in Ranged Weapons
   668 | D:2      | Reached XP level 3. HP: 5/29 MP: 3/3
   668 | D:2      | Reached XP level 4. HP: 6/36 MP: 4/4
   670 | D:2      | HP: 4/36 [poisoned by a scorpion]
   842 | D:2      | Reached skill level 1 in Armour
   847 | D:2      | 847 ||| READING scroll of enchant weapon.
   847 | D:2      | 847 ||| ENCHANTING +2 sling.
   873 | D:2      | Found a shimmering blue altar of Sif Muna.
   940 | D:2      | Reached skill level 5 in Ranged Weapons
  1102 | D:2      | Noticed Jessica
  1104 | D:2      | Killed Jessica
  1246 | D:2      | Reached skill level 3 in Fighting
  1246 | D:2      | Reached XP level 5. HP: 45/45 MP: 5/5
  1322 | D:2      | 1322 ||| UPGRADING to ring of protection from fire.
  1323 | D:2      | 1323 ||| READING 3 scrolls of identify.
  1323 | D:2      | 1323 ||| IDENTIFYING emerald potion
  1324 | D:2      | 1324 ||| READING 2 scrolls of identify.
  1324 | D:2      | 1324 ||| IDENTIFYING inky potion
  1452 | D:3      | Found Foudee's Armour Boutique.
  1460 | D:3      | 1460 ||| BUYING +0 cloak (49 gold).
  1460 | D:3      | Bought a +0 cloak for 49 gold pieces
  1460 | D:3      | 1460 ||| SHOPLISTING +0 ring mail "Ziatet" {Will+ Str+4}
                  | (275 gold, have 13).
  1460 | D:3      | 1460 ||| SHOPLISTING +2 pair of gloves (181 gold, have 13).
  1525 | D:3      | Identified the +10 whip of Superiority {drain, rElec Int+2}
  1962 | D:3      | 1962 ||| UPGRADING to +0 cloak.
  1967 | D:3      | 1967 ||| UPGRADING to ring of positive energy.
  1968 | D:3      | 1968 ||| READING scroll labelled KUICRE QIOSI.
  2068 | D:4      | Noticed an ogre
  2073 | D:4      | Reached skill level 6 in Ranged Weapons
  2080 | D:4      | 2080 ||| FLEEEEING.
  2081 | D:4      | 2081 ||| FLEEEEING.
  2082 | D:4      | 2082 ||| FLEEEEING.
  2085 | D:4      | HP: 8/45 [ogre/+0 giant spiked club (31)]
  2086 | D:4      | 2086 ||| READING 2 scrolls of teleportation.
  2296 | D:4      | 2296 ||| READING scroll of enchant weapon.
  2296 | D:4      | 2296 ||| ENCHANTING +3 sling.
  2302 | D:4      | Found a transporter.
  2304 | D:4      | Noticed qw's ghost (amateur MiHs)
  2307 | D:4      | Found a transporter.
  2411 | D:4      | HP: 6/45 [orc priest/divine providence (13)]
  2411 | D:4      | HP: 2/45 [orc/+0 mace (4)]
  2412 | D:4      | 2412 ||| READING scroll of teleportation.
  2412 | D:4      | Killed from afar by an orc priest

Levels and vault maps discovered:
D:1:      dpeg_arrival_short_road, layout_basic
D:2:      layout_basic, basic_altar, uniq_jessica
D:3:      layout_loops_cross, serial_shops, shop
D:4:      minmay_bubble_buster, layout_basic,
          nicolae_kikubaaqudgha_miasma_corner, gammafunk_ghost_arena,
          chequers_serial_rivers_room_b, chequers_arboretum

Skill      XL: |  1  2  3  4  5 |
---------------+----------------+-----
Ranged Weapons | 3 4 5 6 |  6.1
Fighting       | 2 3 |  3.3
Armour         | 1 |  1.0
Dodging        | |  2.1
Spellcasting   | |  1.0
Hexes          | |  2.0

Action                     |  1- 3 |  4- 6 || total
---------------------------+-------+-------++-------
   Fire: Sling             |    51 |   138 ||   189
    Use: Scroll            |     4 |     7 ||    11
         Potion            |     1 |       ||     1
 Armour: Robe              |     2 |       ||     2
         Ring mail         |       |    17 ||    17
  Dodge: Dodged            |    11 |    40 ||    51

Table legend:
 A = Non-vault XP
 B = Vault XP
 C = Vault XP percentage of total XP
 D = Non-vault monster count
 E = Vault monster count
 F = Vault count percentage of total count
                 A         B        C        D         E       F
            +---------+---------+-------+---------+---------+-------
      Total |     271 |     103 |  27.5 |      55 |       8 |  12.7
            +---------+---------+-------+---------+---------+-------
        D:1 |      37 |       0 |   0.0 |      15 |       0 |   0.0
        D:2 |     126 |      37 |  22.7 |      13 |       1 |   7.1
        D:3 |      94 |       0 |   0.0 |      22 |       0 |   0.0
        D:4 |      14 |      66 |  82.5 |       5 |       7 |  58.3
            +---------+---------+-------+---------+---------+-------
